Map: Shrines of Lizul

Players

nerdboat

  • Race: Zerg Zerg
  • Spawn Location: 9:00

Andwhatnot

  • Race: Zerg Zerg
  • League: Platinum
  • Spawn Location: 6:00

Throwfordays - Winner!

  • Race: Protoss Protoss
  • League: Silver
  • Spawn Location: 3:00

Faust - Winner!

  • Race: Zerg Zerg
  • League: Diamond
  • Spawn Location: 12:00

VOD

Have the link to the VOD?

Description

Time

  • Played on: March 25, 2019, 8:54 p.m.
  • Length: 19:27
Show
View Real Time Build Order
Export as new Build Order

nerdboat Zerg 

Build Orders: Hatch First, Swarm Host, Zergling Baneling 

Get SALT Encoding   

  12  0:01  Drone  
  13  0:13  Overlord  
  13  0:18  Drone  
  14  0:31  Drone x2  
  16  0:37  Drone  
  17  1:05  Hatchery  
  17  1:06  Drone x2  
  18  1:16  Extractor  
  17  1:22  Spawning Pool  
  17  1:24  Drone  
  17  1:41  Drone x3  
  20  2:00  Drone  
  21  2:09  Drone  
  22  2:19  Extractor  
  22  2:22  Drone x2  
  23  2:23  Queen x2  
  23  2:26  Overlord  
  27  2:32  Drone  
  28  2:46  Hatchery  
  28  2:49  Drone  
  28  2:50  Drone  
  29  2:59  Zergling x6  
  32  3:10  Zergling x4  
  32  3:30  Drone x2  
  32  3:31  Drone x2  
  32  3:33  Lair  
  32  3:34  Metabolic Boost  
  36  3:39  Baneling Nest  
  35  3:46  Overlord  
  35  3:56  Drone  
  35  3:57  Queen  
  35  3:59  Queen  
  40  4:11  Zergling x2  
  40  4:12  Zergling x12  
  40  4:13  Zergling x4  
  49  4:19  Zergling x2  
  47  4:41  Baneling  
  47  4:42  Baneling x6  
  47  4:43  Baneling x3  
  47  4:45  Zergling x6  
  50  4:47  Overlord  
  50  4:48  Overlord  
  50  4:59  Roach Warren  
  49  5:00  Drone  
  50  5:16  Zergling x4  
  42  5:22  Zergling x10  
  42  5:23  Zergling x4  
  48  5:30  Zergling x8  
  48  5:31  Overlord  
  48  5:33  Drone x2  
  54  5:44  Drone x2  
  54  5:45  Drone x4, Hydralisk Den  
  54  5:47  Overseer  
  59  5:52  Queen  
  59  5:54  Drone x2  
  63  6:02  Drone x2  
  65  6:15  Drone x4  
  65  6:28  Roach x4  
  65  6:31  Overlord x3  
  73  6:34  Grooved Spines  
  73  6:40  Drone  
  73  6:44  Queen, Evolution Chamber x2  
  74  6:55  Extractor  
  74  6:57  Drone x3  
  74  6:58  Extractor, Drone x2  
  74  6:59  Hydralisk x4  
  74  7:00  Hydralisk x3  
  91  7:10  Overlord x2  
  91  7:25  Infestation Pit  
  91  7:28  Extractor  
  89  7:31  Extractor  
  88  7:37  Roach, Hydralisk x2  
  88  7:38  Roach x3  
  88  7:40  Zergling x4  
  88  7:41  Zergling x6  
  105  8:03  Roach x2  
  105  8:04  Roach x2  
  113  8:05  Overlord x2  
  113  8:06  Overlord  
  113  8:14  Overlord x3  
  113  8:25  Roach x4  
  113  8:26  Roach x2  
  125  8:30  Spore Crawler x2  
  125  8:34  Spore Crawler  
  122  8:35  Spore Crawler  
  122  8:37  Spore Crawler  
  122  8:39  Spore Crawler  
  122  8:40  Hydralisk  
  122  8:41  Hydralisk x2  
  121  8:43  Drone  
  121  8:44  Drone  
  127  8:54  Overseer  
  127  8:56  Drone, Swarm Host x2  
  134  9:09  Drone x4  
  138  9:13  Zerg Missile Weapons Level 1  
  138  9:14  Zerg Melee Weapons Level 1  
  138  9:15  Zergling x4  
  134  9:32  Roach x5  
  134  9:33  Roach  
  134  9:36  Hydralisk  
  134  9:38  Hydralisk  
  127  10:02  Hydralisk  
  127  10:03  Hydralisk x6  
  135  10:14  Hydralisk x3  
  132  10:27  Hydralisk  
  132  10:28  Hydralisk x3  
  132  10:39  Hydralisk x2  
  132  10:40  Hydralisk  
  128  10:43  Zergling x2  
  128  10:44  Zergling x2  
  96  11:16  Swarm Host x3  
  96  11:18  Drone x2  
  122  11:29  Overlord  
  122  11:30  Overlord  
  122  11:31  Hydralisk x3  
  128  11:36  Drone  
  128  11:37  Drone  
  128  11:39  Overseer  
  130  11:43  Zerg Missile Weapons Level 2  
  130  11:59  Hive  
  130  12:01  Burrow  
  130  12:02  Hydralisk x3  
  136  12:30  Hydralisk x2  
  136  12:31  Hydralisk x3  
  136  12:32  Roach x2  
  136  12:33  Roach x4  
  136  12:35  Drone x2  
  160  12:53  Hydralisk  
  160  12:55  Overlord  
  149  13:30  Ultralisk Cavern  
  146  13:51  Zerg Melee Weapons Level 2  
  136  14:08  Hydralisk x4  
  136  14:09  Hydralisk x4  
  144  14:15  Hatchery  
  87  14:24  Hydralisk x2  
  87  14:25  Hydralisk x7  
  103  14:33  Hydralisk x2  
  107  14:48  Hydralisk x4  
  115  14:59  Hydralisk x3  
  121  15:10  Ultralisk Cavern, Hydralisk  
  121  15:11  Hydralisk x2  
  126  15:23  Hydralisk x3  
  132  15:33  Hydralisk x3  
  138  15:52  Hydralisk  
  138  15:53  Hydralisk x5  
  135  15:58  Ultralisk  
  141  16:25  Hydralisk x2  
  141  16:26  Hydralisk x2  
  141  16:32  Hatchery  
  147  16:59  Ultralisk x3  
  165  17:03  Overlord x4  
  165  17:21  Ultralisk x2  
  165  17:22  Ultralisk x3  
  171  17:39  Ultralisk  
  165  18:25  Hydralisk x3  
  165  18:26  Hydralisk x5  
  139  18:59  Hydralisk x2  
  139  19:00  Hydralisk x3  
Show
View Real Time Build Order
Export as new Build Order

Andwhatnot Zerg 

Build Orders: Hatch First 

Get SALT Encoding   

  12  0:01  Drone  
  13  0:12  Overlord  
  13  0:18  Drone  
  14  0:31  Drone x2  
  16  0:36  Drone  
  17  1:03  Hatchery  
  17  1:04  Drone  
  17  1:09  Drone  
  18  1:15  Drone  
  19  1:18  Spawning Pool  
  19  1:20  Drone  
  19  1:29  Drone  
  20  1:44  Drone  
  21  1:48  Extractor  
  21  1:53  Drone  
  21  2:02  Drone  
  22  2:13  Overlord  
  22  2:14  Queen  
  24  2:17  Queen  
  24  2:21  Overlord  
  24  2:22  Drone  
  27  2:28  Drone  
  28  2:35  Drone  
  29  2:42  Zergling x2  
  30  2:47  Drone  
  31  2:58  Zergling x4  
  33  3:06  Queen, Spine Crawler  
  33  3:09  Zergling x6  
  33  3:12  Queen  
  39  3:36  Baneling Nest  
  39  3:37  Drone x2  
  39  3:38  Overlord x2  
  40  3:47  Spine Crawler  
  39  3:48  Drone  
  39  3:49  Drone x4  
  44  3:56  Overlord  
  44  3:57  Drone  
  44  3:58  Drone x3  
  43  4:09  Zergling x4  
  40  4:30  Zergling x12  
  37  4:46  Zergling x2  
  37  4:47  Zergling x4  
  40  4:54  Drone  
  41  5:02  Drone x3  
  41  5:07  Baneling x2  
  44  5:08  Baneling  
  44  5:30  Drone  
  44  5:31  Drone x7  
  44  5:34  Extractor  
  51  5:37  Spine Crawler  
  50  5:43  Spine Crawler  
  50  5:46  Spine Crawler  
  50  5:48  Spine Crawler  
  47  5:56  Drone x2, Spine Crawler  
  47  5:57  Drone x2  
  49  6:00  Drone  
  51  6:25  Roach Warren  
  50  6:27  Drone  
  50  6:28  Drone x2  
  53  6:37  Metabolic Boost  
  53  6:39  Lair  
  53  6:40  Drone  
  53  7:36  Zergling x6  
  57  7:37  Roach x6  
  57  7:38  Overlord x3  
  67  7:48  Zergling x2  
  67  7:49  Overlord  
  67  7:50  Overlord  
  68  7:56  Roach x3  
  73  8:06  Roach x2  
  77  8:14  Extractor  
  77  8:17  Spore Crawler  
  77  8:19  Spore Crawler  
  74  8:24  Spore Crawler  
  69  8:33  Drone x2  
  69  8:34  Drone  
  72  8:36  Spore Crawler  
  72  8:38  Queen  
  72  8:39  Roach x3  
  79  8:47  Drone x3  
  82  8:48  Drone x2  
  82  8:53  Glial Reconstitution  
  82  8:55  Extractor  
  83  9:01  Overlord x2  
  83  9:02  Overlord  
  83  9:07  Drone x2  
  83  9:09  Roach x3  
  91  9:21  Hatchery  
  90  9:35  Spine Crawler x2  
  86  9:41  Spine Crawler x2  
  86  9:44  Roach x3  
  86  9:45  Roach x8  
  103  10:00  Roach x2  
  103  10:02  Overlord  
  102  10:13  Roach x3  
  107  10:19  Burrow  
  107  10:21  Tunneling Claws  
  106  10:26  Overlord x2  
  106  10:27  Overseer  
  99  10:31  Overseer  
  89  10:47  Roach x8  
  81  11:15  Roach x8  
  97  11:24  Queen  
  99  11:34  Drone x3  
  102  11:40  Drone x2  
  102  11:41  Drone x3  
  102  11:42  Overlord x2  
  107  11:58  Evolution Chamber  
  107  12:01  Roach x25  
  106  12:17  Roach x4  
  106  12:23  Roach x4  
  104  12:46  Roach x28  
  104  12:52  Roach  
  104  12:53  Roach x14  
  134  13:10  Roach x24  
  134  13:15  Roach x24  
  126  13:32  Roach x9  
  126  13:33  Roach x2  
  88  14:03  Roach x7  
  88  14:04  Roach x2  
  94  14:11  Zerg Missile Weapons Level 1  
  88  14:18  Evolution Chamber  
  75  14:27  Roach x6  
  85  14:41  Spore Crawler  
  85  14:44  Spore Crawler  
  83  14:45  Spore Crawler  
  83  14:46  Drone x4  
  83  14:47  Spore Crawler  
  83  14:50  Spore Crawler  
  84  14:59  Extractor  
  83  15:00  Drone x2  
  83  15:01  Extractor, Drone x3  
  83  15:05  Drone  
  88  15:18  Roach x17  
  80  15:50  Hatchery  
  79  15:58  Drone  
  79  15:59  Drone x3  
  83  16:06  Roach x17  
  83  16:07  Spire  
  82  16:35  Roach x14  
  62  17:05  Roach x6  
  57  17:30  Drone x2  
  58  17:48  Infestation Pit  
  57  17:53  Hatchery  
  57  17:58  Roach x5  
  44  18:37  Infestor x2  
  44  18:38  Infestor  
  50  18:44  Infestor  
  50  18:46  Infestor  
Show
View Real Time Build Order
Export as new Build Order

Throwfordays Protoss - Winner!

Build Orders: Double Forge, Nexus First 

Get SALT Encoding   

  12  0:03  Probe  
  13  0:16  Probe  
  14  0:28  Probe  
  15  0:55  Nexus  
  15  0:59  Pylon  
  15  1:17  Probe  
  16  1:24  Forge  
  16  1:27  Gateway  
  16  1:32  Assimilator  
  16  1:33  Probe  
  17  2:05  Photon Cannon, Probe  
  17  2:13  Probe  
  17  2:14  Photon Cannon  
  18  2:22  Cybernetics Core  
  19  2:23  Probe  
  19  2:26  Probe  
  21  2:35  Probe  
  22  2:38  Probe  
  23  2:47  Probe  
  23  2:50  Probe  
  25  2:59  Probe  
  26  3:06  Pylon  
  26  3:11  Probe  
  27  3:23  Probe  
  27  3:25  Photon Cannon  
  28  3:28  Photon Cannon  
  28  3:31  Photon Cannon  
  28  3:34  Photon Cannon  
  28  3:35  Probe, Warp Gate  
  28  3:38  Assimilator  
  29  3:42  Assimilator  
  29  3:44  Assimilator  
  29  3:48  Protoss Ground Weapons Level 1, Probe  
  30  3:53  Nexus  
  30  4:00  Probe  
  31  4:12  Probe  
  31  4:15  Probe  
  33  4:19  Gateway  
  33  4:21  Gateway  
  33  4:22  Gateway  
  33  4:27  Twilight Council, Probe  
  34  4:39  Probe  
  34  4:43  Resonating Glaives  
  34  4:45  Forge  
  35  4:47  Probe  
  35  4:51  Probe  
  37  4:55  Probe  
  38  5:03  Probe  
  38  5:05  Probe  
  40  5:15  Probe  
  41  5:25  Pylon, Protoss Ground Armor Level 1  
  41  5:27  Probe  
  42  5:30  Adept x2  
  42  5:31  Adept  
  42  5:33  Adept  
  50  5:45  Probe  
  50  5:47  Assimilator  
  50  5:49  Assimilator  
  51  5:51  Probe  
  52  5:57  Photon Cannon, Probe  
  52  5:59  Photon Cannon  
  52  6:03  Probe  
  54  6:09  Probe  
  55  6:14  Protoss Ground Weapons Level 2, Gateway x2  
  55  6:15  Probe  
  55  6:17  Adept  
  55  6:18  Adept x3  
  62  6:21  Probe  
  62  6:23  Charge  
  65  6:33  Probe  
  66  6:44  Probe  
  67  6:47  Probe  
  67  6:49  Probe  
  69  7:03  Pylon  
  69  7:05  Pylon  
  69  7:06  Protoss Air Weapons Level 1  
  69  7:07  Pylon  
  69  7:09  Pylon  
  69  7:11  Pylon  
  69  7:12  Pylon  
  69  7:13  Pylon  
  69  7:15  Pylon  
  69  7:17  Pylon  
  69  7:21  Pylon x2, Probe x3  
  69  7:22  Protoss Ground Armor Level 2  
  72  7:33  Probe x3  
  75  7:39  Stalker x3  
  75  7:40  Stalker x3  
  87  7:46  Probe  
  88  7:58  Probe  
  89  8:15  Nexus  
  89  8:17  Assimilator  
  89  8:21  Assimilator  
  89  8:22  Blink  
  89  8:25  Pylon  
  89  8:28  Pylon  
  89  8:48  Protoss Ground Weapons Level 3  
  89  8:50  Pylon  
  89  9:04  Stalker x3  
  89  9:05  Stalker x3  
  91  10:07  Stalker  
  91  10:08  Stalker x5  
  85  10:30  Stalker  
  85  10:31  Stalker x4  
  85  10:32  Stalker  
  92  10:45  Protoss Ground Armor Level 3  
  86  10:55  Stalker x3  
  86  10:56  Stalker  
  86  11:12  Probe  
  87  11:24  Probe  
  88  11:29  Pylon  
  88  11:32  Pylon  
  88  11:33  Pylon  
  88  11:36  Probe  
  89  11:46  Protoss Shields Level 1  
  89  11:48  Probe  
  90  11:54  Templar Archives  
  90  11:55  Dark Shrine  
  90  11:57  Robotics Facility  
  90  12:00  Nexus, Probe  
  91  12:03  Robotics Facility x2  
  91  12:06  Robotics Facility  
  91  12:09  Robotics Facility  
  91  12:12  Probe  
  92  12:17  Pylon  
  92  12:18  Stalker x5  
  92  12:19  Stalker  
  103  13:13  Stalker x2  
  103  13:14  Stalker x3  
  103  13:18  Immortal  
  112  13:55  Stalker x2  
  111  13:56  Stalker x2  
  111  13:57  Observer  
  94  14:44  Pylon  
  94  14:45  Pylon  
  94  14:46  Protoss Shields Level 2  
  94  14:48  Pylon  
  94  14:51  Pylon  
  94  15:00  Psionic Storm  
  94  15:25  Gateway  
  94  15:28  Gateway  
  94  15:30  Gateway  
  94  15:31  Immortal  
  94  15:34  Robotics Facility  
  98  15:38  Robotics Facility  
  98  15:40  Robotics Facility  
  82  15:58  Stalker x3  
  82  15:59  Stalker x2  
  92  16:12  Dark Shrine  
  92  16:15  Pylon  
  92  16:17  Pylon  
  92  16:18  Pylon  
  92  16:20  Pylon  
  92  16:21  Pylon  
  92  16:22  Immortal x2  
  92  16:23  Pylon  
  92  16:24  Stalker x2  
  92  16:25  Pylon, Stalker x2  
  106  16:26  Pylon, Stalker  
  106  16:27  Stalker  
  106  16:28  Pylon, Stalker  
  100  17:28  Immortal x4  
  116  17:30  Stalker x7  
  116  17:31  Stalker  
  132  17:55  Probe  
  132  17:57  Nexus  
  133  18:07  Nexus, Probe  
  134  18:13  Robotics Bay  
  134  18:14  Probe  
  134  18:19  Probe  
  134  18:26  Probe  
  132  18:31  Immortal x4  
Show
View Real Time Build Order
Export as new Build Order

Faust Zerg - Winner!

Build Orders: Hatch First, Zergling Baneling 

Get SALT Encoding   

  12  0:01  Drone  
  13  0:08  Drone  
  14  0:15  Extractor  
  14  0:16  Drone  
  15  0:23  Overlord  
  15  0:42  Drone  
  16  0:43  Drone  
  17  0:56  Hatchery  
  16  0:58  Drone  
  16  1:01  Extractor  
  16  1:12  Drone x2  
  18  1:22  Spawning Pool  
  17  1:27  Drone  
  17  1:29  Drone  
  19  1:38  Overlord  
  19  2:10  Metabolic Boost  
  19  2:14  Zergling x6, Queen  
  24  2:17  Queen  
  24  2:22  Drone  
  27  2:29  Drone  
  28  2:38  Baneling Nest  
  28  2:40  Drone  
  28  2:42  Drone x2  
  30  2:50  Overlord  
  30  3:00  Zergling x2  
  30  3:01  Zergling x4  
  32  3:22  Zergling x8  
  32  3:26  Baneling x2  
  35  3:29  Zergling x2  
  35  3:30  Zergling x10  
  41  3:34  Zergling x2  
  41  3:38  Drone  
  43  3:49  Baneling  
  43  3:50  Zergling x2  
  43  4:04  Zergling x2  
  43  4:06  Overlord x2  
  42  4:19  Baneling  
  36  4:36  Zergling x2  
  36  4:37  Zergling x20  
  36  4:38  Baneling x4  
  41  4:42  Drone x3  
  44  4:49  Drone x2  
  44  4:52  Lair  
  46  5:06  Drone  
  47  5:07  Drone x4  
  42  5:33  Drone x5  
  47  5:38  Extractor  
  47  5:40  Drone x2  
  47  5:41  Drone  
  47  5:42  Baneling x2  
  49  5:43  Baneling x2  
  49  5:44  Drone  
  49  5:48  Extractor  
  49  5:49  Extractor, Drone x3  
  52  5:50  Drone x3  
  54  6:10  Drone  
  55  6:12  Spire  
  49  6:31  Queen  
  49  6:32  Spine Crawler  
  50  6:54  Zergling x10  
  52  6:55  Zergling x8  
  52  6:56  Overlord x4  
  52  7:01  Hatchery  
  58  7:02  Baneling  
  58  7:08  Extractor  
  57  7:12  Extractor  
  57  7:14  Baneling x2  
  55  7:15  Baneling  
  55  7:16  Baneling  
  55  7:30  Mutalisk  
  55  7:31  Mutalisk x6  
  69  7:43  Mutalisk  
  71  7:46  Zerg Flyer Weapons Level 1  
  66  8:28  Mutalisk  
  66  8:29  Mutalisk x3  
  74  8:35  Zergling x2  
  74  8:36  Zergling x14  
  74  8:38  Drone  
  74  8:39  Drone x2  
  85  8:58  Evolution Chamber  
  85  9:00  Evolution Chamber  
  83  9:05  Overseer  
  81  9:36  Baneling x4  
  81  9:37  Baneling x2  
  61  10:08  Mutalisk x5  
  61  10:09  Mutalisk x4  
  79  10:19  Drone  
  79  10:20  Drone x8  
  82  10:33  Zerg Melee Weapons Level 1, Zerg Ground Armor Level 1  
  72  10:53  Zergling x2  
  72  10:54  Zergling x26  
  84  11:13  Baneling x2  
  84  11:14  Baneling x5  
  84  11:17  Drone x2  
  84  11:18  Drone x4  
  89  11:21  Overlord x2  
  89  11:24  Zerg Flyer Weapons Level 2  
  90  11:53  Hatchery, Infestation Pit  
  90  11:54  Extractor  
  87  11:55  Extractor  
  87  11:58  Queen  
  87  11:59  Drone  
  87  12:00  Drone x10  
  99  12:06  Baneling  
  99  12:07  Baneling x20  
  99  12:10  Centrifical Hooks  
  99  12:16  Drone x3  
  99  12:17  Drone x4  
  99  12:18  Overlord  
  105  12:41  Spine Crawler  
  105  12:42  Spine Crawler x2  
  99  12:44  Spine Crawler  
  99  12:49  Overseer  
  99  12:50  Overseer  
  98  12:53  Mutalisk  
  98  12:54  Mutalisk x6  
  112  12:59  Zergling x2  
  112  13:01  Overlord x6  
  112  13:02  Overlord  
  112  13:03  Zerg Melee Weapons Level 2  
  111  13:34  Overseer x2  
  111  13:36  Overseer  
  106  13:48  Zerg Ground Armor Level 2  
  105  13:56  Mutalisk  
  105  13:57  Mutalisk x7  
  105  14:27  Mutalisk x6  
  115  14:42  Mutalisk  
  115  14:43  Mutalisk  
  115  14:44  Zergling x12  
  115  14:45  Zergling x14  
  128  14:53  Burrow  
  128  14:56  Pneumatized Carapace, Hive  
  128  15:00  Drone  
  128  15:01  Drone x5  
  134  15:15  Spore Crawler  
  134  15:18  Spine Crawler x2  
  132  15:21  Drone x3  
  132  15:22  Drone x5  
  139  15:55  Drone x2  
  141  15:59  Drone x3, Spine Crawler x2  
  141  16:04  Queen  
  144  16:12  Ultralisk Cavern  
  143  16:28  Zerg Melee Weapons Level 3  
  143  16:29  Zerg Ground Armor Level 3  
  143  16:31  Mutalisk x12  
  167  16:50  Adrenal Glands  
  167  17:06  Zergling x18  
  167  17:08  Overlord x6  
  176  17:14  Hatchery  
  176  17:15  Extractor  
  174  17:18  Extractor  
  156  17:34  Baneling x11  
  156  17:35  Zergling x8, Baneling x7  
  156  17:36  Zergling x20  
  164  17:52  Zergling x16  
  114  18:27  Mutalisk  
  114  18:28  Mutalisk x12  
  140  18:39  Extractor  
  139  18:43  Extractor  
  139  18:47  Hatchery  
  137  19:08  Spire  
Tags
 
Add a new tag
Caveats
  • Supply blocks, unpowered buildings, or Contaminate may cause inaccurate times.
  • Supply counts are checked every 10 seconds.